 Dungeon Crawl Stone Soup version 0.20-b1-18-gaa2fd62 (webtiles) character file.

98 Gorglomux the Insei (level 4, -1/22 HPs)
             Began as a Vine Stalker Transmuter on May 24, 2017.
             Slain by an orc
             ... wielding a +5 trident
              (8 damage)
             ... on level 3 of the Dungeon.
             The game lasted 00:05:35 (2199 turns).

Gorglomux the Insei (Vine Stalker Transmuter)       Turns: 2199, Time: 00:05:36

Health: -1/22      AC:  2    Str: 16    XL:     4   Next: 71%
Magic:  0/9        EV: 19    Int: 14    God:
Gold:   117        SH:  0    Dex: 19    Spells: 2/8 levels left

rFire    . . .     SeeInvis .     - Unarmed
rCold    . . .     Gourm    .   (shield currently unavailable)
rNeg     . . .     Faith    .   (armour currently unavailable)
rPois    x         Spirit   +   (helmet currently unavailable)
rElec    .         Reflect  .   (cloak currently unavailable)
rCorr    .         Harm     .   (gloves currently unavailable)
MR       .....                  (boots currently unavailable)
Stlth    ++........             (no amulet)
Regen    0.5/turn               q - +3 ring of strength
MPRegen  0.2/turn               (no ring)

@: spider-form (expiring), very slightly contaminated
A: regeneration 1, magic shield, no potion heal 3, rot immunity
a: End Transformation


You were on level 3 of the Dungeon.
You were hungry.
You were a venomous arachnid creature.
You visited 1 branch of the dungeon, and saw 3 of its levels.

You collected 117 gold pieces.

Inventory:

Hand Weapons
 b - a +0 hunting sling
   (You found it on level 1 of the Dungeon)
Missiles
 a - 57 arrows
 j - 10 sling bullets
 m - 49 stones (quivered)
Armour
 i - a +0 robe (melded)
 t - a +0 helmet (melded)
   (You found it on level 2 of the Dungeon)
Jewellery
 q - a +3 ring of strength (left front leg)
   (You found it on level 3 of the Dungeon)
Scrolls
 e - 4 scrolls of amnesia {unknown}
 h - a scroll of recharging {unknown}
 k - a scroll of identify {unknown}
 o - a scroll of magic mapping {unknown}
 p - 2 scrolls of teleportation {unknown}
 s - 2 scrolls of remove curse
 u - 2 scrolls of fear {unknown}
Potions
 g - a potion of ambrosia {unknown}
 l - a potion of might {unknown}
 n - a potion of haste {unknown}
Books
 c - a book of Changes
Comestibles
 d - 2 bread rations {@e1}
 f - 4 chunks of flesh {@w0}
 r - 2 meat rations {@e2}


   Skills:
 - Level 1.3 Fighting
 - Level 1.5 Dodging
 * Level 4.2 Unarmed Combat
 + Level 2.8 Spellcasting
 + Level 2.8 Transmutations


You had 2 spell levels left.
You knew the following spells:

 Your Spells              Type           Power        Failure   Level  Hunger
a - Beastly Appendage     Tmut           ##....       19%         1    #......
c - Spider Form           Tmut/Pois      #.........   58%         3    ###....
s - Sticks to Snakes      Tmut           ##......     24%         2    ##.....


Dungeon Overview and Level Annotations

Branches:
Dungeon (3/15)

Altars:
Ashenzari
Gozag


Innate Abilities, Weirdness & Mutations

((You have extremely sharp teeth.))
Your natural rate of healing is unusually fast.
When hurt, damage is shared between your health and your magic reserves.
((Your bite disrupts and absorbs the magic of your enemies.))
Potions cannot restore your health.
You are immune to rotting.


Message History

You drop an uncursed amulet of inaccuracy.
Wear which item? (? for menu, Esc to quit)
You start putting on your armour.
You continue putting on your helmet. x4
You finish putting on your +0 helmet.
A goblin and a kobold come into view.
The goblin shouts!
Your feet morph into talons.
The kobold hits you with a dagger.
You punch the kobold!
You kill the kobold!
You closely miss the goblin. You claw the goblin. The goblin hits you.
You miss the goblin. Your kick misses the goblin.
You bite the goblin, but do no damage. The goblin hits you.
You hit the goblin.
You kill the goblin!
Things that are here:
a dagger; a goblin corpse; a kobold corpse You butcher the goblin corpse.
Your transformation is almost over.
f - 7 chunks of flesh {@w0} (gained 2)
Things that are here:
a dagger; a kobold corpse You start resting.
Your talons disappear.
Found a shattered altar of Ashenzari.
There is a shattered altar of Ashenzari here.
Things that are here:
a dagger; a kobold corpse
Things that are here:
a dagger; a kobold corpse You see here an uncursed amulet of inaccuracy.
q - a shiny coral ring Put on which piece of jewellery? (? for menu, Esc to quit)
You feel stronger.
q - a +3 ring of strength (left hand)
You see here 12 bolts.
You open the door.
There is an open door here.
A rat comes into view.
A rat is nearby!
A rat is nearby!
Your feet morph into talons.
Aim: a rat You throw a stone.
The stone barely misses the rat.
Aim: a rat You throw a stone.
The stone hits the rat but does no damage.
Aim: a rat You throw a stone.
The stone closely misses the rat.
You barely miss the rat. Your kick misses the rat. You bite the rat.
You drain its power.
You feel invigorated.
You kill the rat!
No target in view!
Your transformation is almost over.
m - 47 stones (gained 1)
m - 48 stones (gained 1)
m - 49 stones (gained 1)
You now have 117 gold pieces (gained 13).
Your talons disappear.
Found a stone staircase leading down.
Unknown command.
s - 2 scrolls of remove curse (gained 1)
There is a stone staircase leading down here.
Some of the chunks of flesh in your inventory have rotted away.
A leopard gecko and 4 orcs come into view.
The orc shouts! x2; The leopard gecko hisses angrily.
The orc shouts!
There are monsters nearby!
Unknown command.
There are monsters nearby!
Unknown command.
Okay, then.
You miscast Spider Form.
You are very lightly contaminated with residual magic.
Your hair momentarily turns into snakes!
The orc barely misses you.
You miscast Spider Form.
Nothing appears to happen.
You turn into a venomous arachnid creature.
Your +0 helmet melds into your body.
Your +0 robe melds into your body.
You are feeling hungry.
Your transformation is almost over.
The orc hits you with a flail!
You are too injured to fight recklessly!
You are too injured to fight recklessly!
You are too injured to fight recklessly!
Unknown command.
You barely miss the orc. The orc closely misses you.
You bite the orc!
You kill the orc!
You completely miss the leopard gecko. The leopard gecko bites you.
You barely miss the leopard gecko.
The leopard gecko bites you but does no damage.
You bite the leopard gecko!
You kill the leopard gecko!
The orc hits you but does no damage.
You bite the orc! The orc misses you.
The orc hits you from afar with an enchanted trident!
You hit the orc.
You kill the orc!
The orc hits you from afar with an enchanted trident!
You die...

#.....# #.... #####+#
#.....######.... .......
#......#...#.^..
.......###......#.#.####+
........##......#.#.####.
........###.....#.#....#.
.......o.#........####.#(
......o#o#........# #.#.
....o.l#s#........# #.'.
.......#.........## ###.
.......##........# #.
.o....o #........#######.
)...... ##.#+###.........
####### #...###.........
#...............
#...............
#..>............


You could see 2 orcs.

Vanquished Creatures
  3 adders (D:2)
  An ooze (D:2)
  A worm (D:2)
  2 dart slugs
  5 leopard geckos
  4 orcs
  2 bats (D:1)
  A giant cockroach (D:2)
  10 goblins
  3 hobgoblins
  3 jackals (D:1)
  A ball python (D:1)
  2 frilled lizards
  9 kobolds
  3 rats
50 creatures vanquished.

Notes
Turn   | Place    | Note
-------+----------+-------------------------------------------
     0 | D:1      | Gorglomux the Vine Stalker Transmuter began the quest for the Orb.
     0 | D:1      | Reached XP level 1. HP: 9/9 MP: 4/4
     9 | D:1      | Reached skill level 1 in Fighting
   252 | D:1      | Reached XP level 2. HP: 12/14 MP: 4/6
   383 | D:1      | Learned a level 2 spell: Sticks to Snakes
   777 | D:1      | Reached XP level 3. HP: 13/18 MP: 4/7
  1106 | D:2      | Learned a level 3 spell: Spider Form
  1391 | D:2      | Gained mutation: Your natural rate of healing is unusually fast. [Vine Stalker growth]
  1391 | D:2      | Reached XP level 4. HP: 18/22 MP: 4/8
  1433 | D:2      | Found an opulent altar of Gozag.
  1468 | D:2      | Reached skill level 4 in Unarmed Combat
  2087 | D:3      | Found a shattered altar of Ashenzari.
  2091 | D:3      | Gorglomux: !lg saltcity win god=ru -log
  2091 | D:3      | beem: 1. SaltCity, XL25 VSTm, T:70465: https://crawl.project357.org/morgue/SaltCity/morgue-SaltCity-20170501-134944.txt
  2199 | D:3      | Slain by an orc

Skill      XL: |  1  2  3  4 |
---------------+-------------+-----
Fighting       | 1 |  1.3
Unarmed Combat | 4 |  4.2
Dodging        | |  1.5
Spellcasting   | |  2.8
Transmutations | |  2.8

Action                   |  1- 3 |  4- 6 || total
-------------------------+-------+-------++-------
Melee: Unarmed           |    62 |    31 ||    93
       Kick              |     2 |     1 ||     3
       Bite              |    13 |     3 ||    16
       Headbutt          |     1 |     1 ||     2
       Punch             |     1 |       ||     1
 Fire: Hunting sling     |    37 |    14 ||    51
Throw: Stone             |     2 |     7 ||     9
 Cast: Beastly Appendage |    15 |     5 ||    20
       Spider Form       |     2 |     3 ||     5
 Abil: End Transformatio |     1 |       ||     1
  Use: Scroll            |       |     2 ||     2
  Eat: Chunk             |     2 |     3 ||     5
Armor: Robe              |     6 |     1 ||     7
       Skin              |       |     1 ||     1
Dodge: Dodged            |    38 |    23 ||    61

Vault maps used:
D:1:      erik_arrival_blinker_ship
D:2:      nicolae_gozag_cash_rules_everything_around_me, first_bread,
          minmay_tetromino_o4
D:3:      marbit_many_paths

Table legend:
 A = Turns spent in this place as a percentage of turns spent in the entire game.
 B = Non-inter-level travel turns spent in this place as a percentage of non-inter-level travel turns spent in the entire game.
 C = Inter-level travel turns spent in this place as a percentage of turns spent in this place.
 D = Turns resting spent in this place as a percentage of non-inter-level travel turns spent in this place.
 E = Turns spent auto-exploring this place as a percentage of non-inter-level travel turns spent in this place.
 F = Non-inter-level travel turns spent in this place divided by the number of levels of this place that you've seen.
                   A       B       C       D       E      F
               +-------+-------+-------+-------+-------+----------------------
         Total | 100.0 | 100.0 |   0.9 |   4.3 |  11.5 | 192.0
       Dungeon | 100.0 | 100.0 |   0.9 |   4.3 |  11.5 | 192.0
               +-------+-------+-------+-------+-------+----------------------

Table legend:
 A = Kills in this place as a percentage of kills in entire the game.
 B = Kills by you in this place as a percentage of kills by you in the entire game.
 C = Kills by friends in this place as a percentage of kills by friends in the entire game.
 D = Other kills in this place as a percentage of other kills in the entire game.
 E = Experience gained in this place as a percentage of experience gained in the entire game.
 F = Experience gained in this place divided by the number of levels of this place that you have seen.
                   A       B       C       D       E      F
               +-------+-------+-------+-------+-------+----------------------
         Total | 100.0 | 100.0 |  -nan |  -nan | 100.0 |  47.0
       Dungeon | 100.0 | 100.0 |  -nan |  -nan | 100.0 |  47.0
               +-------+-------+-------+-------+-------+----------------------
